 Dungeon Crawl Stone Soup version 0.29-a0-284-gf9362112df (webtiles) character file.

Game seed: 4721908665744663599

165980 zazu2006 the Unseen (level 17, -9/154 HPs)
             Began as a Naga Hedge Wizard on Mar 21, 2022.
             Was a High Priest of Vehumet.
             Killed from afar by a merfolk aquamancer (37 damage)
             ... with a torrent of water
             ... on level 1 of the Shoals on Mar 22, 2022.
             The game lasted 02:29:01 (44157 turns).

zazu2006 the Unseen (Naga Hedge Wizard)            Turns: 44157, Time: 02:29:02

Health: -9/154     AC: 16    Str: 15    XL:     17   Next: 59%
Magic:  24/32      EV:  9    Int: 25    God:    Vehumet [*****.]
Gold:   2854       SH:  9    Dex: 12    Spells: 6/38 levels left

rFire   + . .      SeeInvis +   o - +4 scimitar (holy)
rCold   + . .      Faith    .   x - +0 buckler
rNeg    . . .      Spirit   .   u - +3 leather armour
rPois   +          Reflect  .   c - +0 hat
rElec   .          Harm     .   F - scarf {rC+ rF+}
rCorr   .          Rampage  .   (no gloves)
Will    ++...                   y - +0 barding
Stlth   ++++++....              M - amulet of regeneration
HPRegen 1.15/turn               w - +6 ring of intelligence
MPRegen 0.23/turn               W - ring of flight

@: flying, very slow
A: AC +5, large, see invisible, deformed body, poison resistance, slowness 2,
spit poison 1, naga tail 2, stinger 1, large bone plates 1
}: 1/15 runes: gossamer
a: Spit Poison, Renounce Religion


You were on level 1 of the Shoals.
You worshipped Vehumet.
Vehumet was extremely pleased with you.
You visited 8 branches of the dungeon, and saw 31 of its levels.
You also visited: Ossuary, Gauntlet and Volcano.

You collected 2986 gold pieces.
You spent 132 gold pieces at shops.

Inventory:

Hand Weapons
 o - a +4 scimitar of holy wrath (weapon)
 K - a +3 scimitar of flaming
Missiles
 v - 8 datura-tipped darts
 E - 33 poisoned darts
 V - a throwing net
Armour
 c - a +0 hat (worn)
 n - +0 acid dragon scales
 u - a +3 leather armour (worn)
 x - a +0 buckler (worn)
 y - a +0 barding (worn)
 F - a scarf of resistance (worn)
 L - a +2 leather armour of fire resistance
 P - a scarf of shadows
 X - an orb of energy
Jewellery
 p - a ring of protection from fire
 r - a +4 ring of protection
 t - a +4 ring of protection
 w - a +6 ring of intelligence (left hand)
 M - an amulet of regeneration (around neck)
 S - a ring of wizardry
 T - a +6 ring of strength
 W - a ring of flight (right hand)
Wands
 j - a wand of flame (6)
 B - a wand of digging (7)
 J - a wand of acid (3)
 N - a wand of paralysis (5)
 Y - a wand of iceblast (10)
 Z - a wand of polymorph (14)
Scrolls
 b - 9 scrolls of teleportation
 f - 4 scrolls of fog
 i - 2 scrolls of holy word
 k - 4 scrolls of enchant weapon
 q - 4 scrolls of enchant armour
 s - a scroll of silence
 D - 2 scrolls of amnesia
 G - a scroll of blinking
 H - 9 scrolls of identify
 Q - 2 scrolls of summoning
 R - a scroll of fear
Potions
 a - a potion of berserk rage
 d - 2 potions of magic
 e - 3 potions of brilliance
 g - 3 potions of flight
 h - 6 potions of ambrosia
 l - 11 potions of attraction
 m - 4 potions of lignification
 z - 2 potions of curing
 A - 7 potions of might
 C - 6 potions of haste
 I - 4 potions of mutation
 O - 2 potions of cancellation
 U - a potion of heal wounds


   Skills:
 + Level 10.3 Fighting
 + Level 14.0 Long Blades
 + Level 6.4 Armour
 + Level 6.8 Dodging
 + Level 15.7 Stealth
 + Level 4.0 Shields
 + Level 11.2 Spellcasting
 + Level 10.2 Conjurations
 + Level 1.0 Summonings
 + Level 2.7 Translocations
 + Level 5.6 Fire Magic
 + Level 5.3 Air Magic
 + Level 10.6 Earth Magic
 + Level 10.0 Poison Magic
 + Level 0.3 Evocations


You had 6 spell levels left.
You knew the following spells:

 Your Spells              Type           Power      Damage    Failure   Level
a - Magic Dart            Conj           100%       1d8       1%          1
b - Mephitic Cloud        Conj/Pois/Air  54%        N/A       1%          3
c - Conjure Flame         Conj/Fire      52%        6-21      1%          3
d - Blink                 Tloc           54%        N/A       3%          2
e - Flame Wave            Conj/Fire      52%        2d11      1%          4
f - Stone Arrow           Conj/Erth      100%       3d13      1%          3
g - Fireball              Conj/Fire      26%        3d12      1%          5
h - Iron Shot             Conj/Erth      30%        9d6       3%          6
i - Lee's Rapid Deconstr  Erth           30%        3d17*     1%          5

Your spell library contained the following spells:

 Spells                   Type           Power      Damage    Failure   Level
 Scorch                   Fire           84%        2d9       1%          2
 Static Discharge         Conj/Air       52%        N/A       1%          2
 Ignite Poison            Fire/Tmut/Pois 40%        N/A       1%          3
 Lightning Bolt           Conj/Air       26%        1d42      1%          5
 Hailstorm                Conj/Ice       39%        3d9       2%          4
 Corpse Rot               Necr/Air       54%        N/A       3%          2
 Freezing Cloud           Conj/Ice/Air   20%        6-21      5%          5
 Slow                     Hex            56%        N/A       6%          1
 Call Imp                 Summ           19%        N/A       6%          2
 Gell's Gravitas          Tloc           27%        N/A       6%          3
 Lesser Beckoning         Tloc           27%        N/A       6%          3
 Teleport Other           Tloc           27%        N/A       6%          3
 Animate Armour           Summ/Erth      86%        N/A       6%          4
 Starburst                Conj/Fire      26%        6d8       11%         6
 Ozocubu's Armour         Ice            14%        N/A       19%         3
 Tukima's Dance           Hex            14%        N/A       19%         3
 Passage of Golubria      Tloc           27%        N/A       21%         4
 Yara's Violent Unravell  Hex/Tmut       7%         3d5       41%         5
 Dispel Undead            Necr           14%        3d10      54%         4
 Ice Form                 Ice/Tmut       14%        N/A       54%         4
 Dispersal                Tloc           13%        N/A       97%         6
 Death Channel            Necr           7%         N/A       100%        6
 Simulacrum               Ice/Necr       7%         N/A       100%        6
 Summon Cactus Giant      Summ           9%         N/A       100%        6
 Lehudib's Crystal Spear  Conj/Erth      30%        10d8      78%         8
 Ozocubu's Refrigeration  Ice            7%         4d6       100%        7
 Disjunction              Tloc           13%        N/A       100%        8
 Ignition                 Fire           21%        3d8       100%        8
 Maxwell's Capacitive Co  Air            20%        ∞         100%        8


Dungeon Overview and Level Annotations

Branches:
Dungeon (15/15)            Temple (1/1) D:6            Lair (6/6) D:11
 Shoals (1/4) Lair:3       Spider (4/4) Lair:4        Slime (0/5) Lair:5
    Orc (2/2) D:11            Elf (1/3) Orc:2        Vaults (1/5) D:14
Ossuary (visited)         Volcano (visited)         Gauntlet (visited)
 Depths: D:15

Altars:
Ashenzari
Cheibriados
Dithmenos
Elyvilon
Fedhas
Gozag
Hepliaklqana
Kikubaaqudgha
Makhleb
Nemelex Xobeh
Okawaru
Qazlal
Ru
Sif Muna
Trog
Uskayaw
Vehumet
Wu Jian
Xom
Yredelemnul
Zin
The Shining One
Beogh
Jiyva

Shops:
D:3 *   D:9 !   D:10 *   Orc:2 :![:[

Portals:
Trove: D:13 (give 4 scrolls of fear)

Annotations:
D:10 Lodul
D:12 3 runed translucent doors, sirJeffrey23's ghost, journeyman BaMo
Orc:2 2 transporters, TheGamechu's ghost, journeyman MiBe
Elf:1 Nikola


Innate Abilities, Weirdness & Mutations

Your serpentine skin is tough. (AC +5)
You have supernaturally acute eyesight. (SInv)
Armour fits poorly on your strangely shaped body.
Your system is resistant to poisons. (rPois)
You cover ground very slowly.
You can spit poison.
You can use your snake-like lower body to constrict enemies.
Your tail ends in a venomous barb.
You are partially covered in large bone plates. (SH +4)


Message History

You slip free of the water engulfing you.
You release your grip on the water elemental.
You gasp with relief as air once again reaches your lungs.
Casting: Mephitic Cloud (safe; 1% risk of failure)
Confirm with . or Enter, or press ? or * to list all spells.
Casting: Flame Wave (mildly dangerous; 1% risk of failure)
Press: ? - help, Dir - look around, f - activate A wave of flame ripples out!
The flame wave engulfs the merfolk aquamancer.
The merfolk aquamancer is almost dead.
The flame wave engulfs the merfolk!
The merfolk is moderately wounded. (Press . to intensify the flame waves.) Unknown command.
Unknown command.
Unknown command.
Casting: Flame Wave (mildly dangerous; 1% risk of failure)
Confirm with . or Enter, or press ? or * to list all spells.
Aiming: Mephitic Cloud (safe; 1% risk of failure)
Press: ? - help, Shift-Dir - straight line The ball explodes into a vile cloud!
The stinking cloud engulfs the merfolk but does no damage.
The merfolk is moderately wounded.
The stinking cloud engulfs the water elemental but does no damage.
The water elemental is severely damaged.
The stinking cloud engulfs the merfolk aquamancer but does no damage.
The merfolk aquamancer is almost dead.
The merfolk aquamancer is engulfed in noxious fumes.
The merfolk aquamancer hits you with a +1 rapier of protection!
* * * LOW HITPOINT WARNING * * *
The merfolk is engulfed in noxious fumes.
Unknown command.
Unknown command.
You closely miss the merfolk aquamancer.
Your grab misses the merfolk aquamancer.
The merfolk aquamancer is almost dead.
The merfolk aquamancer is engulfed in noxious fumes.
The merfolk aquamancer points at you and mumbles some strange words.
The torrent of water hits you!!!
You die...

≈≈≈≈≈≈≈≈≈.....=.....##..≈≈≈.≈≈≈≈≈
≈≈≈≈≈≈≈≈≈>.....†)).###..≈≈≈≈≈≈≈≈≈
≈≈≈≈≈≈≈≈≈......<†### ##.≈≈≈≈≈≈≈≈≈
≈≈≈≈≈≈≈≈≈...≈≈≈≈## #.≈≈≈≈≈≈≈≈≈
≈≈≈≈≈......≈≈≈≈.# ##.≈≈≈≈≈≈≈≈≈
≈≈≈..##........## ##..≈≈≈≈≈≈≈≈≈
≈≈≈..........### ##..≈≈≈≈≈≈≈≈≈≈
≈≈≈≈.....≈..## #####..≈≈≈≈≈≈≈≈≈≈≈
≈≈≈≈≈...≈≈≈.# ##@....≈≈≈≈≈≈≈≈≈≈≈≈
≈≈≈≈≈...≈≈≈.###mm≈≈≈≈≈≈≈≈≈≈≈≈≈≈≈≈
≈≈≈≈≈≈≈≈≈≈..≈≈☼E≈≈≈≈≈≈≈≈≈≈≈≈≈≈≈≈≈
≈≈≈≈≈≈≈≈≈...≈≈☼§☼≈≈≈≈≈≈≈≈≈≈≈≈≈≈≈≈
≈≈≈≈≈.≈≈≈.≈≈≈≈≈≈≈≈≈≈≈≈≈≈≈≈≈≈≈≈≈≈≈
≈≈≈≈≈≈≈≈≈≈≈≈≈≈≈≈≈≈≈≈≈≈≈≈≈≈≈≈≈≈≈≈≈
≈≈≈≈≈≈≈≈≈≈≈≈≈≈≈≈≈≈≈≈≈≈≈≈≈≈≈≈≈≈≈≈≈
≈≈≈≈≈≈≈≈≈≈≈≈≈≈≈≈≈≈≈≈≈≈≈≈≈≈≈≈≈≈≈≈≈
≈≈≈≈≈≈≈≈≈≈≈≈≈≈≈≈≈≈≈≈≈≈≈≈≈≈≈≈≈≈≈≈≈


You could see a merfolk aquamancer, a merfolk (confused) and a water elemental.

Vanquished Creatures
  Mlioglotl (Spider:1)
  Agnes (Spider:2)
  4 emperor scorpions
  2 ghost moths (Spider:4)
  Azrael (Spider:1)
  3 entropy weavers (Spider:3)
  3 spark wasps
  A minotaur (Gauntlet)
  A merfolk javelineer (Shoals:1)
  Josephine (D:10)
  2 vault guards (D:14)
  5 hydras
  A boulder beetle (D:14)
  A death knight (D:14)
  4 centaur warriors
  A jorogumo (Spider:3)
  4 two-headed ogres
  4 catoblepae (Lair:6)
  2 radroaches
  7 dancing weapons
  5 death yaks (Lair:6)
  3 tengu warriors
  Urug (Lair:5)
  Sonja (Lair:4)
  2 deep elf knights (Elf:1)
  A sun moth (Spider:1)
  The ghost of reimiya the Covered, a novice DgWn (D:7)
  8 skeletal warriors
  A deep troll (Lair:3)
  2 sea snakes (Shoals:1)
  3 steelbarb worms
  6 pharaoh ants
  A deep elf archer (Elf:1)
  10 orb spiders
  2 lindwurms (Volcano)
  4 wizards
  3 necromancers (D:14)
  Pikel (D:5)
  7 deep elf pyromancers
  3 fauns (Shoals:1)
  2 orc knights (Orc:2)
  6 ugly things
  An orc sorcerer (Orc:2)
  8 manticores
  5 deep elf zephyrmancers (Elf:1)
  14 wolf spiders
  2 moths of wrath
  2 cyclopes
  5 elephants (Lair:6)
  An elephant (shapeshifter) (D:12)
  A black mamba (Lair:6)
  5 molten gargoyles (Volcano)
  7 torpor snails
  16 cane toads
  3 gargoyles
  5 rime drakes
  4 demonic crawlers
  9 komodo dragons
  3 efreet (Volcano)
  2 ice devils (Lair:3)
  2 tengu conjurers
  3 polar bears
  6 meliai
  6 trolls
  22 tarantellas
  4 hornets
  A merfolk (Shoals:1)
  A wind drake (Shoals:1)
  A raiju (Gauntlet)
  13 slime creatures
  2 snapping turtles
  Grinder (D:4)
  25 blink frogs
  18 culicivoras
  16 jumping spiders
  5 shadows (Gauntlet)
  A vampire (D:11)
  2 water elementals
  46 yaks
  19 humans (D:14)
  2 wyverns (D:10)
  9 fire elementals
  3 basilisks
  8 wraiths
  2 steam dragons (Gauntlet)
  39 redbacks
  2 vampire mosquitoes (D:15)
  Menkaure (D:7)
  2 hell hounds (Spider:1)
  An acid dragon (D:10)
  15 water moccasins
  Edmund (D:5)
  2 meliai simulacra
  43 orc warriors
  2 sky beasts
  4 black bears
  10 ogres
  14 centaurs
  A phantom (D:5)
  A lemure (D:5)
  3 kobold brigands
  12 bullfrogs
  Blork the orc (D:5)
  An earth elemental (Volcano)
  A necrophage (D:5)
  7 scorpions
  7 wights
  15 killer bees
  2 howler monkeys
  3 electric eels
  5 hounds
  2 jellies (D:5)
  16 orc priests
  A gnoll shaman (D:9)
  3 iguanas (D:6)
  Ijyb (D:3)
  25 orc wizards
  6 hell rats (Lair:1)
  3 mummies (Ossuary)
  4 gnolls (D:9)
  6 adders
  7 white imps
  An ufetubus (D:7)
  2 worms
  4 dart slugs
  75 orcs
  4 ball pythons
  6 endoplasms
  3 giant cockroaches
  3 gnoll zombies (Ossuary)
  5 goblins
  7 hobgoblins
  8 jackals
  15 kobolds
  A quokka (D:1)
  7 bats
  4 frilled lizards
  4 goblin zombies (Ossuary)
  A hobgoblin zombie (Ossuary)
  2 kobold zombies (Ossuary)
  6 rats
  A fire vortex (Volcano)
861 creatures vanquished.

Vanquished Creatures (collateral kills)
  A moth of wrath (Spider:4)
  A wolf spider (Spider:2)
  A hornet (Spider:4)
3 creatures vanquished.

Vanquished Creatures (others)
  A deep elf knight (Elf:1)
  A redback (Spider:2)
  A kobold brigand (D:9)
  An orc wizard (D:9)
  An orc (Orc:2)
  5 kobolds (D:9)
  5 demonic plants (Gauntlet)
  17 fungi
  86 plants
118 creatures vanquished.

Grand Total: 982 creatures vanquished

Notes
Turn   | Place    | Note
-------+----------+-------------------------------------------
     0 | D:1      | zazu2006 the Naga Hedge Wizard began the quest for the Orb.
     0 | D:1      | Reached XP level 1. HP: 15/15 MP: 4/4
   459 | D:1      | Reached XP level 2. HP: 22/22 MP: 3/6
  1071 | D:1      | Reached XP level 3. HP: 28/28 MP: 5/8
  1129 | D:1      | Learned a level 3 spell: Mephitic Cloud
  1133 | D:1      | Learned a level 3 spell: Conjure Flame
  1136 | D:1      | Learned a level 2 spell: Blink
  1972 | D:2      | Found a faded altar of an unknown god.
  2193 | D:2      | You fall into a shaft and drop 1 floor!
  2204 | D:3      | Reached skill level 1 in Poison Magic
  2207 | D:3      | Reached XP level 4. HP: 29/36 MP: 9/9
  2284 | D:3      | Found Kicketor's General Store.
  2292 | D:3      | Bought a scroll of identify for 24 gold pieces
  2320 | D:3      | Noticed Ijyb
  2332 | D:3      | Killed Ijyb
  2541 | D:3      | Found a glowing golden altar of the Shining One.
  3344 | D:4      | Reached XP level 5. HP: 41/43 MP: 5/10
  3501 | D:4      | Found a faded altar of an unknown god.
  3501 | D:4      | Found a basalt altar of Yredelemnul.
  3508 | D:4      | Found a sacrificial altar of Ru.
  3510 | D:4      | Found a white marble altar of Elyvilon.
  3512 | D:4      | Found a faded altar of an unknown god.
  3640 | D:4      | Reached skill level 1 in Armour
  3934 | D:4      | Noticed Grinder
  3939 | D:4      | Reached skill level 1 in Fighting
  3943 | D:4      | Killed Grinder
  3944 | D:4      | Reached XP level 6. HP: 43/51 MP: 8/12
  4061 | D:5      | Entered Level 5 of the Dungeon
  4070 | D:5      | Noticed Blork the orc
  4079 | D:5      | Killed Blork the orc
  4080 | D:5      | Reached skill level 4 in Stealth
  4123 | D:5      | Noticed Pikel
  4189 | D:5      | Killed Pikel
  4190 | D:5      | Reached skill level 1 in Long Blades
  4190 | D:5      | Reached skill level 5 in Stealth
  4190 | D:5      | Reached skill level 5 in Poison Magic
  4190 | D:5      | Reached XP level 7. HP: 44/58 MP: 1/13
  4190 | D:5      | Reached XP level 8. HP: 50/66 MP: 1/14
  4689 | D:5      | Reached skill level 1 in Air Magic
  5228 | D:5      | Reached skill level 5 in Spellcasting
  5379 | D:5      | Found a glowing silver altar of Zin.
  5380 | D:5      | Found a hazy altar of Hepliaklqana.
  5996 | D:6      | Reached XP level 9. HP: 32/76 MP: 8/16
  6357 | D:6      | Found a staircase to the Ecumenical Temple.
  6366 | Temple   | Entered the Ecumenical Temple
  6419 | Temple   | Became a worshipper of Vehumet
  6453 | D:6      | Noticed Edmund
  6470 | D:5      | Killed Edmund
  6679 | D:7      | Found a runed translucent door.
  6679 | D:7      | Found a shimmering altar of Xom.
  6679 | D:7      | Noticed a +1 dagger of chaos
  6679 | D:7      | Noticed reimiya's ghost (novice DgWn)
  6683 | D:7      | Noticed Menkaure
  6692 | D:7      | Killed Menkaure
  6754 | D:7      | Gained mutation: Your tail ends in a venomous barb. [potion
                  | of mutation]
  6754 | D:7      | Gained mutation: You are partially covered in large bone
                  | plates. (SH +4) [potion of mutation]
  6869 | D:7      | Found a sand-covered staircase.
  6875 | Ossuary  | Entered an ossuary
  6952 | Ossuary  | Reached * piety under Vehumet
  6952 | Ossuary  | Offered knowledge of Shock by Vehumet.
  8330 | D:6      | Found an opulent altar of Gozag.
  8330 | D:6      | Found a burning altar of Makhleb.
  8330 | D:6      | Found a blossoming altar of Fedhas.
  8447 | D:6      | Reached skill level 5 in Long Blades
  8710 | D:6      | Reached skill level 6 in Stealth
  8888 | D:6      | Reached XP level 10. HP: 58/85 MP: 15/18
  9826 | D:7      | Offered knowledge of Sandblast by Vehumet.
 10214 | D:7      | Reached ** piety under Vehumet
 11346 | D:9      | Noticed a two-headed ogre
 11366 | D:9      | Killed a two-headed ogre
 11600 | D:9      | Noticed a two-headed ogre
 11624 | D:9      | Killed a two-headed ogre
 11625 | D:9      | Reached skill level 7 in Stealth
 11929 | D:9      | Reached skill level 1 in Fire Magic
 11937 | D:9      | Reached XP level 11. HP: 93/93 MP: 17/20
 11945 | D:9      | Offered knowledge of Poisonous Vapours by Vehumet.
 11946 | D:9      | Reached skill level 5 in Conjurations
 12307 | D:9      | Found Juilut's Distillery.
 12316 | D:9      | Bought a potion of flight for 33 gold pieces
 12531 | D:10     | Entered Level 10 of the Dungeon
 12572 | D:10     | Reached *** piety under Vehumet
 12815 | D:10     | Reached skill level 5 in Fighting
 13036 | D:10     | Noticed a two-headed ogre
 13036 | D:10     | Noticed Lodul
 13051 | D:10     | Learned a level 4 spell: Flame Wave
 13159 | D:10     | Found Misoy's Assorted Antiques.
 13383 | D:10     | Noticed Josephine
 13554 | D:10     | Killed Josephine
 13557 | D:10     | Offered knowledge of Olgreb's Toxic Radiance by Vehumet.
 13707 | D:10     | Noticed a two-headed ogre
 13723 | D:10     | Killed a two-headed ogre
 13724 | D:10     | Reached skill level 8 in Stealth
 14039 | D:10     | Identified the +9 whip of Nuriehiuw {protect, Str+5}
 14058 | D:10     | Reached skill level 1 in Shields
 14141 | D:10     | Found a broken altar of Ashenzari.
 14559 | D:11     | Found a staircase to the Orcish Mines.
 14569 | D:11     | Noticed a centaur warrior
 14823 | D:11     | Noticed a manticore
 14851 | D:11     | Killed a manticore
 15200 | D:11     | Found a staircase to the Lair.
 15245 | D:11     | Noticed a two-headed ogre
 15254 | D:11     | Killed a two-headed ogre
 15255 | D:11     | Reached skill level 9 in Stealth
 15255 | D:11     | Reached skill level 5 in Fire Magic
 15255 | D:11     | Reached XP level 12. HP: 42/103 MP: 21/21
 15323 | D:11     | Killed a centaur warrior
 15845 | Orc:1    | Entered Level 1 of the Orcish Mines
 15898 | Orc:1    | Reached **** piety under Vehumet
 16089 | Orc:2    | Entered Level 2 of the Orcish Mines
 16089 | Orc:2    | Noticed an orc warlord
 16219 | Orc:1    | Offered knowledge of Lightning Bolt by Vehumet.
 16578 | Orc:1    | Learned a level 3 spell: Stone Arrow
 17403 | Orc:2    | Reached skill level 1 in Earth Magic
 18332 | Orc:2    | Reached skill level 10 in Long Blades
 18601 | Orc:2    | Found Puny's Antique Armour Shop.
 18627 | Orc:2    | Found a transporter.
 18627 | Orc:2    | Found a transporter.
 18636 | Orc:2    | Found a bloodstained altar of Trog.
 18642 | Orc:2    | Noticed a two-headed ogre
 18643 | Orc:2    | Noticed TheGamechu's ghost (journeyman MiBe)
 18645 | Orc:2    | Noticed a two-headed ogre
 18654 | Orc:2    | Noticed a two-headed ogre
 18977 | Orc:2    | Reached ***** piety under Vehumet
 18979 | Orc:2    | Offered knowledge of Fulminant Prism by Vehumet.
 19761 | Orc:2    | Found a staircase to the Elven Halls.
 19856 | Orc:2    | Found Ysteraeth's Armour Emporium.
 19856 | Orc:2    | Found Wudumug's Distillery.
 19858 | Orc:2    | Found Utikipeul's Book Shop.
 19860 | Orc:2    | Found Xahalis's Book Shoppe.
 19865 | Orc:2    | Bought a potion of heal wounds for 75 gold pieces
 19949 | Lair:1   | Entered Level 1 of the Lair of Beasts
 20630 | Lair:1   | Gained mutation: You can use your snake-like lower body to
                  | constrict enemies. [Naga growth]
 20630 | Lair:1   | Reached XP level 13. HP: 111/111 MP: 13/24
 20658 | Lair:1   | Reached skill level 10 in Stealth
 21185 | Lair:1   | Reached skill level 5 in Earth Magic
 23103 | Lair:3   | Reached skill level 11 in Stealth
 23188 | Lair:3   | Found a staircase to the Shoals.
 23211 | Lair:3   | Found a dark tunnel.
 23257 | Volcano  | Entered a volcano
 23489 | Volcano  | Reached skill level 5 in Armour
 25385 | Lair:4   | Noticed Sonja
 25390 | Lair:4   | Killed Sonja
 25432 | Lair:4   | Found a hole to the Spider Nest.
 25450 | Lair:4   | Offered knowledge of Eringya's Noxious Bog by Vehumet.
 25464 | Lair:4   | Reached XP level 14. HP: 97/121 MP: 22/26
 26229 | Lair:5   | Noticed Urug
 26264 | Lair:5   | Killed Urug
 26399 | Lair:5   | Found a viscous altar of Jiyva.
 26399 | Lair:5   | Found a staircase to the Slime Pits.
 26496 | Lair:5   | Reached skill level 12 in Stealth
 26929 | Lair:6   | Entered Level 6 of the Lair of Beasts
 28547 | D:12     | Found a gate leading to a gauntlet.
 28583 | Gauntlet | Entered a Gauntlet
 28583 | Gauntlet | Found a transporter.
 28583 | Gauntlet | Found a transporter.
 28584 | Gauntlet | Found a transporter.
 28587 | Gauntlet | Found a transporter.
 28587 | Gauntlet | Found a transporter.
 28589 | Gauntlet | Found a transporter.
 28599 | Gauntlet | Found a transporter.
 28601 | Gauntlet | Found a transporter.
 28611 | Gauntlet | Found a transporter.
 28713 | Gauntlet | Found a transporter.
 28717 | Gauntlet | Found a transporter.
 28727 | Gauntlet | Found a transporter.
 28951 | Gauntlet | Reached skill level 13 in Stealth
 28987 | Gauntlet | Reached skill level 5 in Dodging
 29011 | Gauntlet | Identified the ring "Vaexzi" {Drain rPois rC++ Will- Int+8}
 29028 | Gauntlet | Identified the +7 arbalest "Ireov" {vorpal, rF- rN++ Int+2}
 29028 | Gauntlet | Identified the +6 longbow "Xobbukhla" {freeze, MP+9 Dex+5}
 29073 | Gauntlet | Learned a level 5 spell: Fireball
 29341 | D:12     | Reached XP level 15. HP: 89/132 MP: 28/28
 29486 | D:12     | Offered knowledge of Irradiate by Vehumet.
 30034 | D:12     | Found a runed translucent gate.
 30035 | D:12     | Found a runed translucent gate.
 30036 | D:12     | Found a runed translucent gate.
 30036 | D:12     | Noticed an acid blob
 30037 | D:12     | Noticed an acid blob
 30038 | D:12     | Noticed an azure jelly
 30038 | D:12     | Noticed sirJeffrey23's ghost (journeyman BaMo)
 30038 | D:12     | Noticed an acid blob
 30038 | D:12     | Noticed an azure jelly
 30039 | D:12     | Noticed an azure jelly
 30039 | D:12     | Noticed an acid blob
 30039 | D:12     | Noticed an acid blob
 30409 | D:12     | Found a viscous altar of Jiyva.
 31020 | D:13     | Found a portal to a secret trove of treasure.
 31848 | D:14     | Found a gate to the Vaults.
 32755 | D:14     | Found a snail-covered altar of Cheibriados.
 32931 | D:15     | Entered Level 15 of the Dungeon
 33077 | D:15     | Reached skill level 14 in Stealth
 33210 | D:15     | Found a bloodstained altar of Trog.
 33604 | Spider:1 | Entered Level 1 of the Spider Nest
 34222 | Spider:1 | Reached XP level 16. HP: 140/141 MP: 25/29
 34265 | Spider:1 | Noticed Azrael
 34293 | Spider:1 | Offered knowledge of Iron Shot by Vehumet.
 34306 | Spider:1 | Killed Azrael
 34506 | Spider:1 | Noticed Mlioglotl
 34664 | Shoals:1 | Entered Level 1 of the Shoals
 34919 | Elf:1    | Entered Level 1 of the Elven Halls
 34938 | Elf:1    | Learned a level 6 spell: Iron Shot
 35267 | Elf:1    | Reached skill level 10 in Spellcasting
 35522 | Elf:1    | Noticed Nikola
 35633 | Elf:1    | HP: 6/144 [deep elf zephyrmancer/bolt of lightning (28)]
 35633 | Elf:1    | HP: 2/144 [deep elf knight/arrow (4)]
 35943 | Spider:1 | Killed Mlioglotl
 36575 | Spider:2 | Noticed Agnes
 36585 | Spider:2 | Killed Agnes
 36887 | Spider:2 | Reached skill level 10 in Earth Magic
 38229 | Spider:3 | Offered knowledge of Iskenderun's Battlesphere by Vehumet.
 38649 | Spider:3 | Reached skill level 15 in Stealth
 39037 | Spider:3 | Reached skill level 10 in Fighting
 39295 | Spider:4 | Entered Level 4 of the Spider Nest
 39320 | Spider:4 | Reached skill level 5 in Air Magic
 39490 | Spider:4 | Reached XP level 17. HP: 153/153 MP: 10/31
 40379 | Spider:4 | Reached skill level 10 in Conjurations
 42080 | Spider:4 | Got a gossamer rune of Zot
 42435 | Vaults:1 | Entered Level 1 of the Vaults
 42725 | D:7      | Reached skill level 10 in Poison Magic
 42738 | D:7      | Killed reimiya's ghost
 43708 | Shoals:1 | Offered knowledge of Lee's Rapid Deconstruction by Vehumet.
 43737 | Shoals:1 | Learned a level 5 spell: Lee's Rapid Deconstruction
 44157 | Shoals:1 | Killed from afar by a merfolk aquamancer

Illustrated notes

Levels and vault maps discovered:
D:1:      scummos_arrival_checkerplants, layout_basic, serial_curves,
          eino_curves_04, eino_curves_01, eino_curves_01
D:2:      layout_loops_cross, shapermc_ecumenical_altar_pompeii
D:3:      layout_rooms, general_overflow_altar, serial_shops, shop,
          roderic_roman_lattice, wander_ebering_terrifying_dragon_lair,
          uniq_ijyb
D:4:      layout_loops_ring, chequers_temple_overflow_minitemple, uniq_grinder
D:5:      layout_basic, nicolae_overflow_squiral, minmay_misc_feat_more_columns,
          uniq_blork_the_orc, uniq_pikel
D:6:      minmay_polygon_palace, layout_basic,
          gammafunk_temple_overflow_forgotten, minmay_temple_entry_butterflies,
          eino_tiny_chamber, minmay_crystal_water, uniq_edmund
D:7:      layout_layer_cave, lightli_ossuary_entry_decrepit_ruins,
          ebering_ghost_xom, chequers_garden, chequers_serial_rivers_micro_d,
          uniq_menkaure
D:8:      layout_loops_cross
D:9:      layout_roguey, serial_shops, nicolae_square_shop,
          lemuel_flamethrower_2
D:10:     layout_irregular_city, ashenzari_conservatory_becter, serial_shops,
          shop, lemuel_old_faithful, uniq_lodul, uniq_josephine
D:11:     layout_big_octagon, lair_entry_dummy, orc_0_dummy
D:12:     layout_roguey, gammafunk_ghost_ooze, gauntlet_entry_generic
D:13:     layout_basic, nicolae_trove_entry_columns
D:14:     layout_irregular_city, grunt_vaults_entry_tiered, slow_altar_1
D:15:     grunt_enter_depths_hoard, layout_loops_corners, serial_shops, shop,
          doesnt_xom_only_xom, bloody_trog
Temple:   minmay_temple_bridge_abc
Lair:1:   layout_long_grid, grunt_megastairs_5
Lair:2:   layout_chaotic_city, chequers_serial_rivers_micro_e,
          infiniplex_staircase_pool_2, grunt_megastairs_1
Lair:3:   dreamdust_cave_troll, layout_long_grid, minmay_shoals_entry_hut,
          enter_volcano_1, portal_ice_cave_demonic_guard, lemuel_fruit_tree,
          grunt_megastairs_3
Lair:4:   layout_loops_ring, spider_nest_entry_web_field, serial_bayou_shore_a,
          grunt_megastairs_4, uniq_sonja
Lair:5:   layout_roguey, slime_altar_1, lemuel_fruit_fields, uniq_urug
Lair:6:   evilmike_catoblepas_cave, layout_loops_ring
Shoals:1: layout_shoals, serial_shops, nicolae_shop_overgrown_old_shop,
          nicolae_shoals_nautilus_by_nature
Spider:1: layout_chambers, uniq_azrael, uniq_mlioglotl
Spider:2: layout_spider_delve, uniq_agnes
Spider:3: layout_spider_delve, hangedman_spider_tarantella_strand
Spider:4: spider_rune_water
Orc:1:    layout_caves
Orc:2:    st_orc_rangers, layout_caves, basic_altar,
          gammafunk_ghost_wrathful_warriors, serial_shops, shop
Elf:1:    layout_rooms, hangedman_elven_crosses_minicolossus, uniq_nikola
Vaults:1: hangedman_vaults_river_flow, v_pattern_4,
          ontoclasm_vaults_loading_screen, ontoclasm_vaults_loading_screen,
          grunt_vaults_hallway_short, nicolae_vaults_stairing_the_circle,
          v_misc_31, nicolae_vaults_yaktaur_gun_rack, vaults_dpeg_hooks,
          grunt_vaults_focal, layout_vaults_chaotic_city, uniq_zenata

Skill      XL: |  1  2  3  4  5  6  7  8  9 10 11 12 13 14 15 16 17 |
---------------+----------------------------------------------------+-----
Dodging        | 2 3 4 5 6 |  6.8
Poison Magic   | 1 2 3 5 6 7 8 9 10 | 10.0
Armour         | 2 3 4 5 6 |  6.4
Fighting       | 1 3 4 5 6 7 8 10 | 10.3
Spellcasting   | 4 5 6 7 8 9 10 11 | 11.2
Conjurations   | 2 3 4 5 6 7 8 9 10 | 10.2
Stealth        | 5 6 7 9 11 13 14 15 | 15.7
Long Blades    | 1 2 6 7 9 10 11 12 13 14 | 14.0
Air Magic      | 1 2 3 4 5 |  5.3
Fire Magic     | 3 5 |  5.6
Shields        | 1 2 3 4 |  4.0
Earth Magic    | 4 7 8 9 10 | 10.6
Translocations | 2 |  2.7
Summonings     | |  1.0
Evocations     | |  0.3

Action                   |  1- 3 |  4- 6 |  7- 9 | 10-12 | 13-15 | 16-18 || total
-------------------------+-------+-------+-------+-------+-------+-------++-------
Melee: Dagger            |    13 |    55 |       |       |       |       ||    68
       Scimitar          |       |     5 |   214 |   574 |   876 |   541 ||  2210
       Punch             |       |       |     3 |     8 |    19 |     3 ||    33
       Constrict         |       |       |       |       |   166 |   120 ||   286
Throw: Dart              |       |       |       |     4 |       |       ||     4
 Cast: Magic Dart        |    78 |    28 |   129 |   130 |    35 |    58 ||   458
       Mephitic Cloud    |       |     5 |    18 |   113 |   102 |    74 ||   312
       Blink             |       |       |     1 |     9 |     7 |     8 ||    25
       Conjure Flame     |       |       |       |     5 |    13 |       ||    18
       Flame Wave        |       |       |       |     4 |     4 |     2 ||    10
       Stone Arrow       |       |       |       |    45 |   218 |    70 ||   333
       Iron Shot         |       |       |       |       |       |    97 ||    97
 Abil: Spit Poison       |    11 |     4 |    18 |    42 |     9 |     1 ||    85
Evoke: Wand              |       |     1 |     1 |       |       |     1 ||     3
  Use: Scroll            |       |     1 |     8 |    10 |     5 |     4 ||    28
       Potion            |       |       |    11 |     4 |     5 |     5 ||    25
 Stab: Sleeping          |     1 |       |     4 |     7 |    21 |     8 ||    41
       Confused          |       |     1 |     4 |    62 |    65 |    43 ||   175
       Paralysed         |       |     3 |       |       |       |       ||     3
       Petrified         |       |       |       |       |     3 |       ||     3
       Distracted        |       |       |       |       |     2 |       ||     2
Armor: Robe              |     2 |       |       |       |       |       ||     2
       Leather armour    |     6 |    23 |    98 |   238 |   282 |   273 ||   920
       Skin              |       |       |     9 |       |       |       ||     9
Dodge: Dodged            |     6 |    31 |   107 |   359 |   322 |   256 ||  1081
Block: Other             |       |       |    12 |   121 |    94 |    49 ||   276
       Buckler           |       |       |       |       |       |   113 ||   113

Table legend: (Time is in decaauts)
 A = Elapsed time spent in this place.
 B = Non-inter-level travel time spent in this place.
 C = Inter-level travel time spent in this place.
 D = Time resting spent in this place.
 E = Time spent auto-exploring this place.
 F = Levels seen in this place.
 G = Mean time per level.
                   A        B        C        D        E       F      G
               +--------+--------+--------+--------+--------+-----+--------+
         Total |  53010 |  49517 |   3493 |   8490 |  30726 |  34 | 1559.1 |
       Dungeon |  26079 |  23941 |   2138 |   2103 |  17709 |  15 | 1738.6 |
        Temple |    106 |     74 |     32 |      0 |     57 |   1 |  106.0 |
          Lair |   9551 |   8629 |    922 |    675 |   6200 |   6 | 1591.8 |
        Shoals |    599 |    599 |      0 |     66 |    354 |   1 |  599.0 |
   Spider Nest |   8568 |   8334 |    234 |   2033 |   4287 |   4 | 2142.0 |
  Orcish Mines |   4610 |   4447 |    163 |   2599 |    860 |   2 | 2305.0 |
   Elven Halls |    826 |    826 |      0 |    124 |    364 |   1 |  826.0 |
        Vaults |     17 |     17 |      0 |      0 |      5 |   1 |   17.0 |
       Ossuary |    621 |    621 |      0 |      0 |    476 |   1 |  621.0 |
       Volcano |   1387 |   1387 |      0 |    884 |    203 |   1 | 1387.0 |
      Gauntlet |    642 |    642 |      0 |      4 |    208 |   1 |  642.0 |
               +--------+--------+--------+--------+--------+-----+--------+

Top non-repeatable levels by time:
   Orc:1: 2899 daAuts
Spider:4: 2661 daAuts
     D:5: 2651 daAuts
     D:7: 2504 daAuts
     D:6: 2455 daAuts
    D:10: 2381 daAuts
  Lair:1: 2257 daAuts
Spider:3: 2136 daAuts
Spider:1: 2076 daAuts
     D:1: 2052 daAuts
    D:14: 1991 daAuts
    D:11: 1960 daAuts
    D:12: 1932 daAuts
  Lair:6: 1742 daAuts
   Orc:2: 1711 daAuts
